 Dungeon Crawl Stone Soup version 0.19.0 (webtiles) character file.

7886 nikopol the Cleaver (level 11, -3/99 HPs)
             Began as a Hill Orc Berserker on Nov 1, 2016.
             Was a High Priest of Trog.
             Killed from afar by an orc wizard (6 damage)
             ... with a puff of flame
             ... on level 9 of the Dungeon.
             The game lasted 00:41:02 (13888 turns).

nikopol the Cleaver (Hill Orc Berserker)           Turns: 13888, Time: 00:41:03

Health: -3/99      AC:  8    Str: 22    XL:     11   Next: 22%
Magic:  9/9        EV: 15    Int:  7    God:    Trog [*****.]
Gold:   260        SH:  6    Dex: 14    Spells: 0 memorised, 10 levels left

rFire  . . .     SeeInvis .     z - +1 shortbow
rCold  . . .     Gourm    .     F - +0 steam dragon scales
rNeg   . . .     Faith    .     (shield currently unavailable)
rPois  .         Spirit   .     L - +0 helmet (curse)
rElec  .         Reflect  +     (no cloak)
rCorr  .         Harm     .     (no gloves)
MR     .....                    (no boots)
Stlth  +.........               n - +6 amulet of reflection
                                (no ring)
                                I - +2 ring of dexterity

@: lethally poisoned (-3 -> -3), very slightly contaminated
A: low mp 1
a: Berserk, Trog's Hand, Brothers in Arms, Burn Spellbooks, Renounce Religion


You were on level 9 of the Dungeon.
You worshipped Trog.
Trog was extremely pleased with you.
You were very hungry.

You visited 1 branch of the dungeon, and saw 10 of its levels.
You also visited: Bailey.

You collected 585 gold pieces.
You spent 325 gold pieces at shops.

Inventory:

Hand Weapons
 a - the +2 war axe "Aprytzem" {flame, rC++}
   (You found it on level 7 of the Dungeon)

   It has been specially enchanted to burn those struck by it, causing extra
   injury to most foes and up to half again as much damage against particularly
   susceptible opponents.
   Big, fiery blades are also staple armaments of hydra-hunters.
   It greatly protects you from cold.
 z - a +1 shortbow (weapon)
Missiles
 r - 93 arrows (quivered)
Armour
 v - a +0 scale mail
 F - +0 steam dragon scales (worn)
 L - a cursed +0 helmet (worn)
Jewellery
 n - a +6 amulet of reflection (around neck)
 y - a +3 ring of protection {unknown}
 G - an uncursed amulet of guardian spirit {unknown}
 I - a +2 ring of dexterity (left hand)
Wands
 h - a wand of flame (31/48)
 l - a wand of disintegration (7/24)
 s - a wand of teleportation (8/9)
 u - a wand of digging (5/24)
 A - a wand of slowing (41/48)
 J - a wand of confusion (36/48)
 M - a wand of flame (11/48)
 N - a wand of flame (8/48)
 T - a wand of teleportation (6/9)
Scrolls
 b - a scroll of fog {unknown}
 d - a scroll of acquirement {unknown}
 i - 3 scrolls of remove curse
 j - a scroll of magic mapping {unknown}
 p - 3 scrolls of blinking
 D - 2 scrolls of enchant armour {unknown}
 E - 4 scrolls of identify
 K - 2 scrolls of teleportation
 O - a scroll of recharging {unknown}
Potions
 e - a potion of beneficial mutation {unknown}
 f - 4 potions of curing
 g - a potion of flight {unknown}
 m - 4 potions of haste
 o - a potion of brilliance {unknown}
 t - a potion of berserk rage {unknown}
 w - 4 potions of heal wounds
 x - 3 potions of agility {unknown}
 C - a potion of ambrosia {unknown}
 H - a potion of resistance {unknown}
 P - a potion of magic {unknown}
Books
 B - a book of Geomancy

   Spells                             Type                      Level
   a - Sandblast                      Earth                        1
   b - Passwall                       Transmutation/Earth          2
   c - Stone Arrow                    Conjuration/Earth            3
   d - Petrify                        Transmutation/Earth          4
   e - Lee's Rapid Deconstruction     Earth                        5
   Trog disapproves of the use of such an item.
Comestibles
 c - 7 bread rations
 k - 12 fruits
 q - 9 meat rations
 Q - 9 royal jellies
 R - a slice of pizza
 S - 4 chunks of flesh


   Skills:
 + Level 9.7 Fighting
 * Level 12.3 Axes
 * Level 5.9 Bows
 + Level 8.4 Armour
 + Level 6.2 Dodging


You had 10 spell levels left.
You didn't know any spells.

Dungeon Overview and Level Annotations

Branches:
Dungeon (10/15)            Temple (0/1) D:7
   Lair: D:8-11         Orc: D:9-12

Altars:
Cheibriados
Elyvilon
Fedhas
Hepliaklqana
Qazlal
Ru
Sif Muna
Trog
Xom
Yredelemnul
Zin

Shops:
D:3 *   D:5 =


Innate Abilities, Weirdness & Mutations

Your magical capacity is low. (-10% MP)


Message History

You shoot an arrow. The arrow hits the orc!
You kill the orc!
Trog accepts your kill.
Firing (i - inventory):
r - 93 arrows (quivered)
Press: ? - help, Shift-Dir - straight line, f - you
Okay, then.
You feel sick.
You feel sick.
There is a stone staircase leading down here.
You feel less exhausted.
You feel sick.
You start resting.
You feel sick.
A magic dart appears from out of thin air!
The magic dart hits you!
* * * LOW HITPOINT WARNING * * *
You feel sick.
A puff of flame appears from out of thin air!
The puff of flame hits you!
You die...

.........[...(##.# ##.........
..............##.# ###..##......
.....#....(#####.# #....##......
.#......#.....#..# #.#..######..
...####.........#####......>.....
..## ##.......†.........###...##
..#### #......>......###...#....#
.....###...................#....#
#^...........###@###............#
#.###....#...# #.# #.#..........#
.......###...###.###.......##...#
.............###_..'.##....##...#
.........###.###.###.......##...#
.............# #.# #.#.....######
.........##..###'###.#.....#
..#..#..#..............#...##
.###......######†...........###


There were no monsters in sight!

Vanquished Creatures
  The ghost of Inkary the Basher, a novice MiFi of Qazlal (D:5)
  2 hill giants (D:10)
  2 hornets (D:9)
  Prince Ribbit (D:8)
  A hippogriff (D:9)
  The ghost of nikopol the Chopper, an amateur HOBe of Trog (D:3)
  A hungry ghost (D:6)
  2 steam dragons (D:5)
  2 soldier ants (D:9)
  2 ice beasts
  2 sky beasts
  A black bear (D:6)
  12 orc warriors
  A necrophage (D:9)
  4 ogres
  8 centaurs (Bailey)
  3 bullfrogs
  A water moccasin zombie (D:7)
  A scorpion (D:9)
  5 killer bees
  8 wights (D:6)
  4 crimson imps
  A howler monkey (D:8)
  2 bullfrog zombies
  4 jellies
  4 orc priests
  2 hounds (D:7)
  15 orc wizards
  Natasha (thrice) (D:3)
  An iguana (D:9)
  4 worker ants
  13 gnolls
  12 adders
  A shadow imp (D:7)
  3 oozes
  4 worms
  An adder zombie (D:6)
  3 dart slugs
  7 leopard geckos
  58 orcs
  5 bats
  4 giant cockroaches
  6 goblins
  4 hobgoblins
  14 jackals
  8 kobolds
  4 quokkas
  2 ball pythons
  3 frilled lizards
  A jackal skeleton (D:5)
  A jackal zombie (D:7)
  A leopard gecko zombie (D:5)
  12 rats
  2 fungi
  A plant (D:2)
271 creatures vanquished.

Notes
Turn   | Place    | Note
-------+----------+-------------------------------------------
     0 | D:1      | nikopol the Hill Orc Berserker began the quest for the Orb.
     0 | D:1      | Reached XP level 1. HP: 19/19 MP: 1/1
    94 | D:1      | Reached XP level 2. HP: 12/27 MP: 2/2
   704 | D:1      | Reached XP level 3. HP: 31/33 MP: 3/3
   709 | D:1      | Reached ** piety under Trog
  1255 | D:2      | Found a white marble altar of Elyvilon.
  1323 | D:2      | Reached XP level 4. HP: 34/41 MP: 4/4
  1346 | D:2      | Found a stormy altar of Qazlal.
  1349 | D:2      | Reached skill level 5 in Axes
  1350 | D:2      | Found a blossoming altar of Fedhas.
  2261 | D:2      | Reached *** piety under Trog
  2261 | D:2      | Reached XP level 5. HP: 28/47 MP: 5/5
  2390 | D:3      | Noticed nikopol's ghost (amateur HOBe)
  2459 | D:3      | Killed nikopol's ghost
  2459 | D:3      | Reached skill level 5 in Fighting
  2459 | D:3      | Reached XP level 6. HP: 40/56 MP: 6/6
  2614 | D:3      | Reached skill level 6 in Axes
  2826 | D:3      | Found Zin's Purification Station.
  2830 | D:3      | Found a glowing silver altar of Zin.
  2902 | D:3      | Noticed Natasha
  2912 | D:3      | Killed Natasha
  2993 | D:3      | Noticed Natasha
  2995 | D:3      | Killed Natasha
  2995 | D:3      | Reached XP level 7. HP: 61/61 MP: 7/7
  3050 | D:3      | Found a deep blue altar of Sif Muna.
  3058 | D:3      | Noticed Natasha
  3063 | D:3      | Killed Natasha
  3471 | D:4      | Reached **** piety under Trog
  3559 | D:4      | Found a sacrificial altar of Ru.
  3592 | D:4      | Got an ichor-stained leather armour
  3607 | D:4      | Identified the cursed +1 leather armour of Egalitarianism {*Contam rC+ Stlth+} (You found it on level 4 of the Dungeon)
  4002 | D:4      | Reached skill level 7 in Axes
  4002 | D:4      | Reached skill level 5 in Armour
  4278 | D:5      | Entered Level 5 of the Dungeon
  4415 | D:5      | Reached XP level 8. HP: 48/71 MP: 8/8
  4850 | D:5      | Noticed Inkary's ghost (novice MiFi)
  4867 | D:5      | Killed Inkary's ghost
  4867 | D:5      | Reached skill level 8 in Axes
  4893 | D:5      | Found Qaewnion's Jewellery Shoppe.
  5297 | D:5      | Found a shimmering altar of Xom.
  5548 | D:6      | Reached XP level 9. HP: 81/81 MP: 9/9
  5796 | D:6      | Gained mutation: Your magical capacity is low. (-10% MP) [mutagenic glow]
  5836 | D:6      | Reached skill level 1 in Bows
  5836 | D:6      | Reached skill level 5 in Dodging
  5896 | D:6      | Reached skill level 9 in Axes
  6502 | D:6      | Noticed a moth of wrath
  6529 | D:6      | Found a bloodstained altar of Trog.
  6931 | D:7      | Reached ***** piety under Trog
  6964 | D:7      | Found a staircase to the Ecumenical Temple.
  7173 | D:7      | Found a flagged portal.
  7182 | Bailey   | Entered a bailey
  7239 | Bailey   | Reached skill level 10 in Axes
  7905 | Bailey   | Reached XP level 10. HP: 23/90 MP: 9/9
  9734 | Bailey   | Reached skill level 11 in Axes
 10744 | D:7      | Got a polished war axe
 10745 | D:7      | Identified the cursed +2 war axe "Aprytzem" {flame, rC++} (You found it on level 7 of the Dungeon)
 10769 | D:7      | Found a shimmering altar of Xom.
 11312 | D:7      | Found a snail-covered altar of Cheibriados.
 11564 | D:5      | Bought a +6 amulet of reflection for 325 gold pieces
 11685 | D:8      | Received a gift from Trog
 12362 | D:8      | Noticed Prince Ribbit
 12372 | D:8      | Killed Prince Ribbit
 12465 | D:9      | Reached skill level 5 in Bows
 12922 | D:9      | Found a basalt altar of Yredelemnul.
 13240 | D:9      | Found a hazy altar of Hepliaklqana.
 13276 | D:9      | Paralysed by a hornet for 1 turns
 13285 | D:9      | Reached XP level 11. HP: 46/97 MP: 9/9
 13287 | D:9      | Reached skill level 12 in Axes
 13717 | D:10     | Entered Level 10 of the Dungeon
 13717 | D:10     | Noticed a hill giant
 13730 | D:10     | Killed a hill giant
 13831 | D:10     | Noticed a hill giant
 13852 | D:10     | Killed a hill giant
 13887 | D:9      | HP: 4/99 [something/magic dart (3)]
 13888 | D:9      | Killed from afar by an orc wizard

Skill      XL: |  1  2  3  4  5  6  7  8  9 10 11 |
---------------+----------------------------------+-----
Fighting       | 4 5 6 7 8 9 |  9.7
Dodging        | 2 3 4 5 6 |  6.2
Axes           | 5 6 7 8 10 11 12 | 12.3
Armour         | 3 4 5 6 7 8 |  8.4
Bows           | 3 5 |  5.9

Action                   |  1- 3 |  4- 6 |  7- 9 | 10-12 || total
-------------------------+-------+-------+-------+-------++-------
Melee: Hand axe          |   100 |    87 |   275 |    27 ||   489
       War axe           |       |       |       |   131 ||   131
 Fire: Shortbow          |       |       |   125 |   291 ||   416
Invok: Berserk           |       |     3 |     6 |     4 ||    13
       Burn Spellbooks   |       |       |     1 |     1 ||     2
       Trog's Hand       |       |       |       |     2 ||     2
  Use: Scroll            |       |       |     8 |     6 ||    14
       Potion            |       |       |     1 |       ||     1
 Stab: Sleeping          |       |     1 |     1 |       ||     2
  Eat: Chunk             |     1 |     9 |    16 |    17 ||    43
       Beef jerky        |       |       |     2 |       ||     2
       Meat ration       |       |       |       |     1 ||     1
       Pizza             |       |       |       |     1 ||     1
Armor: Animal skin       |    31 |       |       |       ||    31
       Leather armour    |     1 |    10 |    11 |       ||    22
       Scale mail        |       |     6 |    18 |       ||    24
       Steam dragon scal |       |       |    24 |    44 ||    68
Dodge: Dodged            |    85 |    52 |   150 |   155 ||   442
Block: Other             |       |       |       |    42 ||    42
